 Dungeon Crawl Stone Soup version 0.30-a0-777-ga9a30cbeda (webtiles) character file.

Game seed: 8408692220999128541

71 Newt the Trooper (level 4, -2/38 HPs)
             Began as a Demonspawn Gladiator on Feb 13, 2023.
             Slain by a sky beast (6 damage)
             ... on level 2 of the Dungeon.
             The game lasted 00:01:56 (2095 turns).

Newt the Trooper (Demonspawn Gladiator)             Turns: 2095, Time: 00:01:56

Health: -2/38      AC:  4    Str: 16    XL:     4   Next: 5%
Magic:  4/4        EV: 17    Int: 10    God:
Gold:   90         SH:  0    Dex: 14    Spells: 3/3 levels left

rFire   . . .      SeeInvis .    a - +0 rapier
rCold   . . .      Faith    .    (no shield)
rNeg    . . .      Spirit   .    b - +0 leather armour
rPois   .          Reflect  .    c - +0 helmet
rElec   .          Harm     .    (no cloak)
rCorr   .          Rampage  .    (no gloves)
Will    .....                    (no boots)
Stlth   +                        (no amulet)
HPRegen 0.26/turn                h - ring of wizardry
MPRegen 0.09/turn                p - +5 ring of evasion

@: no status effects
A: demonic guardian 1, demonic touch 1
a: no special abilities


You were on level 2 of the Dungeon.
You visited 1 branch of the dungeon, and saw 3 of its levels.

You collected 90 gold pieces.

Inventory:

Hand Weapons
 a - a +0 rapier (weapon)
Missiles
 d - 2 throwing nets (quivered)
 e - 3 javelins
Armour
 b - a +0 leather armour (worn)
 c - a +0 helmet (worn)
Jewellery
 h - a ring of wizardry (left hand)
 p - a +5 ring of evasion (right hand)
Wands
 n - a wand of paralysis (12)
Potions
 f - a potion of flight {unknown}
 g - 2 potions of curing {unknown}
 i - a potion of degeneration {unknown}
 j - a potion of haste {unknown}
 l - a potion of attraction {unknown}
 o - a potion of might {unknown}


   Skills:
 + Level 4.4 Fighting
 - Level 2.6 Short Blades
 - Level 1.7 Throwing
 - Level 2.6 Dodging


You had 3 spell levels left.
You didn't know any spells.
Your spell library contained the following spells:

 Spells                   Type           Power      Damage    Failure   Level
 Vhi's Electric Charge    Tloc/Air       0%         N/A       45%         3
 Arcjolt                  Conj/Air       0%         1d10      99%         5
 Maxwell's Capacitive Co  Air            0%         ∞         100%        8


Dungeon Overview and Level Annotations

Branches:
Dungeon (3/15)

Altars:


Innate Abilities, Weirdness & Mutations

A weak demonic guardian rushes to your aid.
Your touch may inflict minor irresistible damage on your foes.


Message History

You have reached level 4!
You feel clever.
You hit the orc.
The orc is severely wounded.
The orc completely misses you.
You hit the orc.
You kill the orc!
No target in view!
No target in view!
No target in view!
No target in view!
No target in view!
No target in view!
No target in view!
No target in view!
You climb downwards.
The sky beast misses you. The kobold closely misses you.
The sky beast misses you.
The kobold hits you with a +0 short sword.
There is a stone staircase leading up, spattered with blood here.
The sky beast hits you. The sky beast shocks you. The kobold barely misses you.
You climb upwards.
There is a stone staircase leading down here.
Unknown command.
You hit the kobold.
You touch the kobold.
You kill the kobold!
The sky beast hits you but does no damage.
The sky beast flickers out of sight!
Deactivating autopickup; reactivate with Ctrl-A.
Items here: )) ††.
Something hits you but does no damage. Something hits you.
Something shocks you. Something barely misses you. Something hits you.
Something shocks you. Something closely misses you. Something hits you.
Something shocks you.
* * * LOW HITPOINT WARNING * * *
Something hits you.
* * * LOW HITPOINT WARNING * * *
Something shocks you.
You die...

#.............#.#######.....
#.###.............# ####....
##.# #.............# #.)>[.#.
#<.# #....###......###.###.#.
#.####....# #.......)........
#.##....### #####.........<##
#.##......### ##.[.........#
##.......#...####............#
#..###...###.@.##.............
##..#####.#####.#..#<........##
#.................##....#....##
#..............#.#####[...##..#
#...........................#.#
#...............########......#
#.).............# ####...#
#..........[....# ###..
#...............# #..


There were no monsters in sight!

Vanquished Creatures
  2 adders (D:2)
  A dart slug (D:1)
  2 orcs (D:2)
  2 ball pythons
  4 bats (D:2)
  5 endoplasms
  A giant cockroach (D:2)
  2 goblins (D:2)
  7 hobgoblins
  7 jackals (D:2)
  A frilled lizard (D:3)
  5 kobolds
  2 rats
41 creatures vanquished.

Vanquished Creatures (collateral kills)
  A hobgoblin (D:2)
1 creature vanquished.

Grand Total: 42 creatures vanquished

Notes
Turn   | Place    | Note
-------+----------+-------------------------------------------
     0 | D:1      | Newt the Demonspawn Gladiator began the quest for the Orb.
     0 | D:1      | Reached XP level 1. HP: 16/16 MP: 1/1
   286 | D:1      | Gained mutation: A weak demonic guardian rushes to your
                  | aid. [demonic ancestry]
   286 | D:1      | Reached XP level 2. HP: 12/23 MP: 2/2
  1077 | D:2      | Reached skill level 3 in Fighting
  1331 | D:2      | Gained mutation: Your touch may inflict minor irresistible
                  | damage on your foes. [demonic ancestry]
  1331 | D:2      | Reached XP level 3. HP: 21/29 MP: 3/3
  1552 | D:2      | Reached skill level 4 in Fighting
  1822 | D:3      | Noticed a sky beast
  1834 | D:3      | HP: 1/30 [orc/+0 war axe (8)]
  2076 | D:2      | Reached XP level 4. HP: 38/38 MP: 4/4
  2095 | D:2      | Slain by a sky beast

Illustrated notes

Levels and vault maps discovered:
D:1:      noname_arrival_rooms_in_the_neighbourhood, layout_loops_ring,
          st_stairs_5, kennysheep_nondescript
D:2:      layout_rooms
D:3:      layout_basic, shapermc_ecumenical_altar_mp_vishouse,
          corexii_corridor_pit, minmay_crystal_room, kennysheep_another_room

Skill      XL: |  1  2  3 |
---------------+----------+-----
Fighting       | 3 4 |  4.4
Short Blades   | |  2.6
Throwing       | |  1.7
Dodging        | |  2.6

Action                     |  1- 3 |  4- 6 || total
---------------------------+-------+-------++-------
  Melee: Rapier            |   131 |     3 ||   134
         Touch             |     7 |     1 ||     8
  Throw: Javelin           |     4 |       ||     4
         Throwing net      |     1 |       ||     1
    Use: Scroll            |     4 |       ||     4
   Stab: Sleeping          |     1 |       ||     1
 Armour: Leather armour    |    45 |     2 ||    47
  Dodge: Dodged            |   124 |     7 ||   131

Table legend: (Time is in decaauts)
 A = Elapsed time spent in this place.
 B = Non-inter-level travel time spent in this place.
 C = Inter-level travel time spent in this place.
 D = Time resting spent in this place.
 E = Time spent auto-exploring this place.
 F = Levels seen in this place.
 G = Mean time per level.
                   A        B        C        D        E       F      G
               +--------+--------+--------+--------+--------+-----+--------+
         Total |   2106 |   2077 |     29 |    607 |   1127 |   3 |  702.0 |
       Dungeon |   2106 |   2077 |     29 |    607 |   1127 |   3 |  702.0 |
               +--------+--------+--------+--------+--------+-----+--------+

Top non-repeatable levels by time:
     D:1: 1070 daAuts
     D:2: 937 daAuts
     D:3: 98 daAuts
